 Dungeon Crawl Stone Soup version 0.20-a0-351-gc9b4002 (webtiles) character file.

312 esc the Sneak (level 6, -1/30 HPs)
             Began as a Spriggan Enchanter on Dec 26, 2016.
             Slain by an ogre
             ... wielding a +0 giant spiked club
              (31 damage)
             ... on level 4 of the Dungeon on Dec 29, 2016.
             The game lasted 00:10:05 (3268 turns).

esc the Sneak (Spriggan Enchanter)                  Turns: 3268, Time: 00:10:05

Health: -1/30      AC:  3    Str:  4    XL:     6   Next: 18%
Magic:  12/12      EV: 20    Int: 19    God:
Gold:   78         SH:  0    Dex: 16    Spells: 3/12 levels left

rFire  . . .     SeeInvis +     s - +1 dagger (elec)
rCold  . . .     Gourm    .     b - +1 robe
rNeg   . . .     Faith    .     (shield restricted)
rPois  .         Spirit   .     (helmet restricted)
rElec  .         Reflect  .     (no cloak)
rCorr  .         Harm     .     (gloves unavailable)
MR     +....                    (boots unavailable)
Stlth  +++.......               (no amulet)
                                (no ring)
                                n - +3 ring of slaying

@: very quick
A: unfitting armour, see invisible, herbivore 3, speed 3, slow metabolism 2
a: no special abilities


You were on level 4 of the Dungeon.
You were full.

You visited 1 branch of the dungeon, and saw 4 of its levels.

You collected 78 gold pieces.

Inventory:

Hand Weapons
 s - a +1 dagger of electrocution (weapon)
   (You took it off a goblin on level 3 of the Dungeon)
Armour
 b - a +1 robe (worn)
Jewellery
 n - a +3 ring of slaying (left hand)
   (You found it on level 3 of the Dungeon)
Scrolls
 e - 4 scrolls of teleportation {unknown}
 f - a scroll of noise {unknown}
 g - 5 scrolls of identify {unknown}
 j - a scroll of enchant weapon {unknown}
 l - a scroll of amnesia {unknown}
 m - 2 scrolls of magic mapping {unknown}
 o - a scroll of recharging {unknown}
 v - a scroll of enchant armour {unknown}
Potions
 a - a potion of ambrosia {unknown}
 h - 2 potions of curing {unknown}
 i - a potion of brilliance {unknown}
 k - 3 potions of heal wounds {unknown}
 q - 2 potions of haste {unknown}
 r - 2 potions of lignification {unknown}
 t - a potion of agility {unknown}
Books
 c - a book of Maledictions
 p - a book of Cantrips
   (You found it on level 3 of the Dungeon)
 u - a book of Callings
   (You found it on level 4 of the Dungeon)
 w - a book of Spatial Translocations
   (You found it on level 4 of the Dungeon)
Comestibles
 d - 2 bread rations {@e1}


   Skills:
 + Level 2.2 Fighting
 + Level 3.1 Short Blades
 + Level 4.6 Dodging
 + Level 5.7 Stealth
 + Level 3.9 Spellcasting
 + Level 4.4 Hexes


You had 3 spell levels left.
You knew the following spells:

 Your Spells              Type           Power        Failure   Level  Hunger
a - Ensorcelled Hibernat  Hex/Ice        ##....       10%         2    ##.....
b - Tukima's Dance        Hex            ###.....     10%         3    ###....
c - Confuse               Hex            ###.....     10%         3    ###....
v - Corona                Hex            ###....      2%          1    None


Dungeon Overview and Level Annotations

Branches:
Dungeon (4/15)
 Temple: D:4-7

Altars:
Cheibriados
Fedhas
Gozag
Nemelex Xobeh
Okawaru
Qazlal
The Shining One


Innate Abilities, Weirdness & Mutations

You are very small and have problems with some larger weapons.
You are too small for most types of armour.
You have supernaturally acute eyesight. (SInv)
You are a herbivore.
You cover ground extremely quickly.
You need consume almost no food.


Message History

Items here: ( ))) [[ ††
There is a stone staircase leading up here.
You barely miss the orc. The orc completely misses you.
You closely miss the orc.
The orc shouts!
You hit the orc.
There is a sudden explosion of sparks!
You kill the orc!
You barely miss the orc. The orc closely misses you.
You hit the orc. The orc hits you but does no damage.
You completely miss the orc. The orc hits you with a hand axe.
You take 5 damage, and have 20/26 hp.
You closely miss the orc. You barely miss the orc. The orc misses you.
You hit the orc. The orc barely misses you.
You closely miss the orc. The orc closely misses you.
You closely miss the orc. You hit the orc but do no damage.
The orc completely misses you.
You barely miss the orc. The orc closely misses you.
You closely miss the orc. The orc misses you.
You closely miss the orc. You completely miss the orc.
The orc hits you with a hand axe.
You take 2 damage, and have 18/26 hp.
You hit the orc. The orc closely misses you.
You hit the orc. The orc hits you but does no damage.
You hit the orc.
You kill the orc!
You barely miss the orc. The orc completely misses you.
Aim: an orc, wielding a falchion of holy wrath (chance to defeat MR: 59%)
The orc looks drowsy...
You now have 9/11 mp.
The helpless orc fails to defend itself.
You impale the orc!!
You kill the orc!
You hit the orc. The orc completely misses you.
You hit the orc.
You kill the orc!
No target in view!
Items here: ( )))))) [[ †††† You butcher the orc corpse.
Items here: % ( )))))) [[ ††† You butcher the orc corpse.
Items here: %% ( )))))) [[ †† You butcher the orc corpse.
Items here: %%% ( )))))) [[ ÷ † You butcher the orc corpse.
Items here: %%%% ( )))))) [[ ÷÷
Okay, then.
There is a stone staircase leading up here.
You start resting.
Health restored: 26; MP restored: 11
Items here: %%%% ( )))))) [[ ÷÷ You see here a short sword.
Things that are here:
a ring mail; a whip You open the gate.
There is an open gate here.
Found a sparkling altar of Nemelex Xobeh.
There is an open gate here.
Things that are here:
a ring mail; a whip A quokka comes into view.
Found a stone staircase leading down.
The quokka barely misses you.
You hit the quokka. The quokka misses you.
You hit the quokka.
You kill the quokka!
No target in view!
No target in view!
You open the door.
A quokka and an ogre come into view.
There is an open door here.
The helpless ogre fails to defend itself.
You impale the ogre!!
You kill the ogre!
Your Short Blades skill increases to level 3!
You have reached level 6!
Your experience leads to an increase in your attributes!
Increase (S)trength, (I)ntelligence, or (D)exterity?
You feel clever.
Health restored: 30; MP restored: 12
Things that are here:
a giant club; an ogre corpse You hit the quokka.
The quokka misses you.
You hit the quokka.
There is a sudden explosion of sparks!
You kill the quokka!
No target in view!
No target in view!
An orc comes into view. It is wielding a war axe.
The orc shouts!
An orc is nearby!
You puncture the orc!
You kill the orc!
No target in view!
You now have 78 gold pieces (gained 2).
You see here a war axe.
Found a stone staircase leading down.
An ogre comes into view. It is wielding a giant spiked club.
The ogre hits you with a giant spiked club!!
Ouch! That really hurt!
You die...

.##......#######...#
###......# #.###
#......## #.#
#.......# #.# #
#.......# #.# #
#.......### #.# #
####......####.# #
###.........# ###
###..#####.@# ..#
#....# #.O# ..#
#.##.+ +..#
..####....# #..#
###.......## #..# #
#.#####........#
###...........####
..............
####..........


You could see an ogre.

Vanquished Creatures
  An ogre (D:4)
  A hound (D:4)
  An orc wizard (D:4)
  An iguana (D:4)
  3 gnolls (D:2)
  3 adders
  A shadow imp (D:4)
  An ooze (D:3)
  A worm (D:3)
  2 dart slugs (D:2)
  11 orcs
  3 giant cockroaches
  6 goblins
  A hobgoblin (D:1)
  10 jackals
  A kobold (D:2)
  5 quokkas
  A ball python (D:3)
  3 bats (D:2)
  2 frilled lizards
  7 rats
65 creatures vanquished.

Notes
Turn   | Place    | Note
-------+----------+-------------------------------------------
     0 | D:1      | esc the Spriggan Enchanter began the quest for the Orb.
     0 | D:1      | Reached XP level 1. HP: 9/9 MP: 5/5
   346 | D:2      | Reached XP level 2. HP: 11/13 MP: 6/6
   387 | D:2      | Found a snail-covered altar of Cheibriados.
   455 | D:2      | Learned a level 2 spell: Ensorcelled Hibernation
   460 | D:2      | Reached skill level 3 in Spellcasting
   460 | D:2      | Reached XP level 3. HP: 17/17 MP: 0/8
   508 | D:2      | Reached skill level 4 in Hexes
   588 | D:2      | Reached skill level 1 in Fighting
  1070 | D:2      | Learned a level 3 spell: Confuse
  1410 | D:3      | Reached XP level 4. HP: 13/22 MP: 6/9
  1718 | D:3      | Learned a level 3 spell: Tukima's Dance
  1978 | D:3      | Found a stormy altar of Qazlal.
  1978 | D:3      | Found a blossoming altar of Fedhas.
  1979 | D:3      | Found a glowing golden altar of the Shining One.
  2067 | D:3      | Reached skill level 2 in Short Blades
  2101 | D:3      | Reached skill level 4 in Dodging
  2110 | D:3      | Reached skill level 5 in Stealth
  2356 | D:3      | Found an iron altar of Okawaru.
  2404 | D:4      | Reached XP level 5. HP: 26/26 MP: 6/11
  2746 | D:3      | Found an opulent altar of Gozag.
  3004 | D:4      | Reached skill level 2 in Fighting
  3132 | D:4      | Found a sparkling altar of Nemelex Xobeh.
  3218 | D:4      | Noticed an ogre
  3222 | D:4      | Killed an ogre
  3222 | D:4      | Reached skill level 3 in Short Blades
  3222 | D:4      | Reached XP level 6. HP: 30/30 MP: 12/12
  3268 | D:4      | Slain by an ogre

Vault maps used:
D:1:      saegor_arrival_under_anarchy
D:2:      cheibriados_altar_1, minmay_crystal_room, minmay_domino_4
D:3:      nicolae_overflow_hidden_temple, kennysheep_okawaru_gauntlet,
          gammafunk_temple_overflow_forgotten
D:4:      nemelex_altar_shiori, first_bread, minmay_misc_feat_room

Skill      XL: |  1  2  3  4  5 |
---------------+----------------+-----
Spellcasting   | 3 |  3.9
Hexes          | 4 |  4.4
Fighting       | 1 2 |  2.2
Short Blades   | 2 3 |  3.1
Dodging        | 4 |  4.6
Stealth        | 5 |  5.7

Action                   |  1- 3 |  4- 6 || total
-------------------------+-------+-------++-------
Melee: Dagger            |    86 |    89 ||   175
 Cast: Ensorcelled Hiber |    10 |    18 ||    28
       Confuse           |       |     2 ||     2
 Stab: Sleeping          |    14 |    12 ||    26
  Eat: Bread ration      |       |     1 ||     1
Armor: Robe              |    10 |     3 ||    13
Dodge: Dodged            |    79 |    64 ||   143

Vault maps used:
D:1:      saegor_arrival_under_anarchy
D:2:      cheibriados_altar_1, minmay_crystal_room, minmay_domino_4
D:3:      nicolae_overflow_hidden_temple, kennysheep_okawaru_gauntlet,
          gammafunk_temple_overflow_forgotten
D:4:      nemelex_altar_shiori, first_bread, minmay_misc_feat_room

Table legend:
 A = Turns spent in this place as a percentage of turns spent in the entire game.
 B = Non-inter-level travel turns spent in this place as a percentage of non-inter-level travel turns spent in the entire game.
 C = Inter-level travel turns spent in this place as a percentage of turns spent in this place.
 D = Turns resting spent in this place as a percentage of non-inter-level travel turns spent in this place.
 E = Turns spent auto-exploring this place as a percentage of non-inter-level travel turns spent in this place.
 F = Non-inter-level travel turns spent in this place divided by the number of levels of this place that you've seen.
                   A       B       C       D       E      F
               +-------+-------+-------+-------+-------+----------------------
         Total | 100.0 | 100.0 |   0.2 |   4.4 |   8.3 | 205.0
       Dungeon | 100.0 | 100.0 |   0.2 |   4.4 |   8.3 | 205.0
               +-------+-------+-------+-------+-------+----------------------

Table legend:
 A = Kills in this place as a percentage of kills in entire the game.
 B = Kills by you in this place as a percentage of kills by you in the entire game.
 C = Kills by friends in this place as a percentage of kills by friends in the entire game.
 D = Other kills in this place as a percentage of other kills in the entire game.
 E = Experience gained in this place as a percentage of experience gained in the entire game.
 F = Experience gained in this place divided by the number of levels of this place that you have seen.
                   A       B       C       D       E      F
               +-------+-------+-------+-------+-------+----------------------
         Total | 100.0 | 100.0 |  -nan | 100.0 | 100.0 | 111.8
       Dungeon | 100.0 | 100.0 |  -nan | 100.0 | 100.0 | 111.8
               +-------+-------+-------+-------+-------+----------------------
